 Dungeon Crawl Stone Soup version 0.18.1-50-g88ac8fd (webtiles) character file.

29 Peloso the Skirmisher (level 3, -2/31 HPs)
             Began as a Ghoul Fighter on Oct 28, 2016.
             Was an Initiate of Okawaru.
             Slain by Sigmund
             ... wielding a +0 scythe
              (8 damage)
             ... on level 2 of the Dungeon.
             The game lasted 00:02:21 (526 turns).

Peloso the Skirmisher (Ghoul Fighter)                Turns: 526, Time: 00:02:22

Health: -2/31      AC: 10    Str: 28 (30) XL:     3   Next: 16%
Magic:  2/2        EV: 11    Int:  2 (3)  God:    Okawaru [......]
Gold:   45         SH: 10    Dex: 13 (14) Spells: 0 memorised, 2 levels left

rFire  . . .     SeeInvis .     a - +0 long sword
rCold  + . .     Gourm    .     l - +0 chain mail
rNeg   + + +     Faith    .     c - +0 shield
rPois  ∞         Spirit   .     (no helmet)
rElec  .         Dismiss  .     p - +0 cloak
rCorr  .         Reflect  .     (no gloves)
SustAt .         Harm     .     (no boots)
MR     .....                    (no amulet)
Stlth  ..........               (no ring)
                                k - +6 ring of strength

@: mighty, agile, rotting, not resistant to hostile enchantments, extremely
unstealthy
A: rotting body, claws 1, carnivore 3, cold resistance 1, negative energy
resistance 3, slow regeneration 1, torment resistance, unbreathing
a: Renounce Religion


You were on level 2 of the Dungeon.
You worshipped Okawaru.
Okawaru was noncommittal.
You were not hungry.

You visited 1 branch of the dungeon, and saw 2 of its levels.

You collected 45 gold pieces.

Inventory:

Hand Weapons
 a - a +0 long sword (weapon)
Armour
 c - a +0 shield (worn)
 l - a +0 chain mail (worn)
 p - a +0 cloak (worn)
Jewellery
 k - a +6 ring of strength (left claw)
Scrolls
 e - a scroll of teleportation {unknown}
 g - a scroll of magic mapping {unknown}
 h - a scroll of identify {unknown}
 i - a scroll of recharging {unknown}
 j - a scroll of remove curse {unknown}
 q - a scroll of random uselessness {unknown}
Comestibles
 b - a beef jerky
 f - 2 meat rations
 n - 4 chunks of flesh


   Skills:
 + Level 3.6 Fighting
 + Level 1.7 Long Blades
 + Level 3.4 Armour
 + Level 0.1 Dodging
 + Level 2.8 Shields


You had 2 spell levels left.
You didn't know any spells.

Dungeon Overview and Level Annotations

Branches:
Dungeon (2/15)

Altars:
Dithmenos
Okawaru

Annotations:
D:2 Sigmund


Innate Abilities, Weirdness & Mutations

Your body is rotting away.
You thrive on raw meat.
You are immune to poison.
You have sharp fingernails.
You are carnivorous and can eat meat at any time.
Your flesh is cold resistant.
You are immune to negative energy.
You regenerate slowly when monsters are visible.
You are immune to unholy pain and torment.
You can survive without breathing.


Message History

The puff of flame hits you!
* * * LOW HITPOINT WARNING * * *
Sigmund casts a spell at you.
You are more confused.
Sigmund barely misses you. Sigmund barely misses you.
You bump into the rock wall.
Sigmund closely misses you.
Sigmund mumbles some strange words.
Sigmund flickers and vanishes!
Deactivating autopickup; reactivate with Ctrl-A.
You bump into the rock wall.
Something hits you but does no damage.
You miss something.
You feel less confused. Something hits you.
* * * LOW HITPOINT WARNING * * *
You miss something. Something hits you but does no damage.
Your shield and chain mail prevent you from hitting something.
Something hits you!
You die...

#####+########
#.......#....#
#.......#....#
#.@{....†....+
#.......#....#
#########....#
## #....# ..
#....####.#
###.....#.#
###..#..#..
....###....
..##..###..##


There were no monsters in sight!

Vanquished Creatures
  An adder (D:2)
  A dart slug (D:1)
  4 giant cockroaches
  A goblin (D:1)
  3 hobgoblins
  A ball python (D:1)
  3 bats
  2 kobolds
  2 rats (D:2)
18 creatures vanquished.

Notes
Turn   | Place    | Note
--------------------------------------------------------------
     0 | D:1      | Peloso the Ghoul Fighter began the quest for the Orb.
     0 | D:1      | Reached XP level 1. HP: 19/19 MP: 0/0
    78 | D:1      | Reached XP level 2. HP: 16/26 MP: 1/1
   299 | D:1      | Found an iron altar of Okawaru.
   314 | D:1      | Became a worshipper of Warmaster Okawaru
   419 | D:2      | Reached XP level 3. HP: 14/31 MP: 2/2
   456 | D:2      | Found a shadowy altar of Dithmenos.
   489 | D:2      | Noticed Sigmund
   526 | D:2      | Slain by Sigmund

Skill      XL: |  1  2 |
---------------+-------+-----
Armour         | 3 |  3.4
Fighting       | |  3.6
Long Blades    | |  1.7
Dodging        | |  0.1
Shields        | |  2.8

Action                   || total
-------------------------++-------
Melee: Long sword        ||    62
  Use: Potion            ||     5
  Eat: Chunk             ||     1
Armor: Scale mail        ||    12
       Chain mail        ||    42
Dodge: Dodged            ||    23
Block: Shield            ||    37
